Map: Polka LE

Players

Bobo

  • Race: Protoss Protoss
  • Spawn Location: 5:00

snowpea

  • Race: Zerg Zerg
  • League: Gold
  • Spawn Location: 5:00

qqq - Winner!

  • Race: Protoss Protoss
  • Spawn Location: 11:00

Massa - Winner!

  • Race: Terran Terran
  • League: Platinum
  • Spawn Location: 11:00

VOD

Have the link to the VOD?

Description

Time

  • Played on: Nov. 7, 2020, 2:56 p.m.
  • Length: 12:28
Show
View Real Time Build Order
Export as new Build Order

Bobo Protoss 

Build Orders:  

Get SALT Encoding   

  12  0:00  Probe  
  13  0:15  Pylon  
  13  0:16  Probe (Chrono Boost)  
  14  0:26  Probe (Chrono Boost)  
  15  0:31  Probe (Chrono Boost)  
  16  0:39  Gateway  
  16  0:43  Probe  
  16  0:48  Assimilator  
  17  0:55  Probe  
  18  1:04  Assimilator  
  18  1:07  Probe  
  19  1:19  Probe  
  20  1:31  Probe  
  21  1:33  Cybernetics Core  
  21  1:55  Zealot (Chrono Boost)  
  18  2:17  Stalker (Chrono Boost)  
  18  2:18  Gateway  
  18  2:19  Probe (Chrono Boost)  
  18  2:20  Warp Gate (Chrono Boost)  
  18  2:21  Pylon  
  21  2:29  Probe (Chrono Boost)  
  22  2:34  Probe (Chrono Boost)  
  22  2:36  Gateway  
  23  2:43  Stalker  
  25  2:45  Probe  
  26  2:57  Probe  
  27  3:13  Stalker  
  27  3:18  Stalker  
  31  3:29  Pylon  
  31  3:30  Pylon  
  31  3:39  Gateway  
  31  3:47  Stalker x2  
  35  4:06  Stargate  
  35  4:08  Pylon  
  35  4:13  Forge  
  35  4:18  Pylon  
  35  4:44  Stalker x2  
  37  5:06  Nexus  
  37  5:09  Pylon  
  37  5:14  Photon Cannon  
  37  5:33  Stargate  
  37  5:44  Protoss Ground Weapons Level 1 (Chrono Boost)  
  37  5:54  Gateway  
  37  6:02  Probe (Chrono Boost)  
  38  6:10  Void Ray  
  38  6:14  Probe (Chrono Boost)  
  44  6:21  Probe (Chrono Boost)  
  44  6:22  Probe (Chrono Boost)  
  45  6:28  Probe (Chrono Boost)  
  45  6:31  Probe (Chrono Boost)  
  47  6:33  Probe (Chrono Boost)  
  48  6:40  Probe  
  48  6:44  Probe  
  50  6:47  Pylon  
  50  6:52  Probe  
  50  6:53  Void Ray  
  51  6:56  Probe  
  56  7:04  Probe  
  57  7:08  Probe  
  57  7:13  Oracle  
  61  7:16  Probe  
  61  7:20  Probe, Assimilator  
  63  7:24  Assimilator  
  63  7:30  Photon Cannon  
  63  7:33  Probe  
  63  7:34  Protoss Ground Armor Level 1 (Chrono Boost)  
  64  7:45  Probe  
  64  7:49  Zealot x2  
  64  7:50  Zealot  
  71  7:57  Probe  
  72  8:06  Void Ray  
  72  8:09  Probe  
  77  8:18  Photon Cannon  
  77  8:21  Probe  
  78  8:28  Void Ray  
  78  8:33  Probe  
  83  8:43  Void Ray  
  83  8:50  Zealot x3  
  83  8:55  Nexus  
  93  8:56  Pylon  
  93  9:01  Pylon  
  93  9:07  Pylon  
  93  9:09  Twilight Council  
  93  9:11  Void Ray  
  93  9:13  Robotics Facility  
  93  9:14  Protoss Air Weapons Level 1 (Chrono Boost)  
  97  9:30  Void Ray  
  98  9:48  Void Ray  
  102  10:08  Void Ray  
  102  10:09  Gateway  
  102  10:11  Observer  
  107  10:14  Pylon  
  107  10:18  Probe  
  108  10:23  Assimilator  
  108  10:27  Assimilator  
  108  10:29  Photon Cannon  
  108  10:30  Probe (Chrono Boost)  
  108  10:31  Void Ray  
  108  10:33  Shield Battery  
  109  10:36  Photon Cannon  
  109  10:41  Probe (Chrono Boost)  
  109  10:42  Fleet Beacon  
  114  10:46  Probe (Chrono Boost)  
  115  10:56  Probe (Chrono Boost)  
  116  11:01  Observer  
  117  11:06  Void Ray  
  117  11:08  Probe (Chrono Boost)  
  118  11:14  Probe (Chrono Boost), Void Ray  
  118  11:16  Probe (Chrono Boost)  
  130  11:26  Probe (Chrono Boost)  
  130  11:27  Probe (Chrono Boost)  
  130  11:31  Probe (Chrono Boost)  
  131  11:35  Probe  
  132  11:42  Probe  
  133  11:47  Probe  
  140  11:54  Probe  
  141  12:08  Pylon  
  141  12:10  Pylon  
Show
View Real Time Build Order
Export as new Build Order

snowpea Zerg 

Build Orders: Hatch First 

Get SALT Encoding   

  12  0:00  Drone  
  13  0:08  Drone  
  14  0:46  Hatchery  
  13  0:52  Drone, Spawning Pool  
  13  0:56  Drone  
  14  1:03  Extractor, Drone  
  14  1:22  Overlord  
  14  1:40  Queen  
  14  1:42  Zergling x6  
  18  2:17  Metabolic Boost  
  18  2:23  Roach Warren  
  17  2:32  Zergling x6  
  17  2:36  Zergling x4  
  22  2:47  Zergling x2  
  22  2:48  Zergling x2  
  24  2:59  Zergling x4  
  26  3:13  Roach  
  28  3:22  Overlord  
  28  3:32  Overlord  
  28  3:43  Roach  
  30  3:50  Drone x2  
  31  4:01  Roach  
  33  4:03  Drone  
  34  4:26  Roach x2  
  34  4:27  Roach  
  34  4:30  Drone  
  41  4:39  Ravager x2  
  41  4:42  Overlord  
  43  4:49  Extractor  
  43  4:52  Ravager  
  27  5:23  Drone  
  27  5:24  Drone x2  
  30  5:35  Drone  
  31  5:43  Drone  
  32  5:53  Drone x2  
  34  5:58  Drone  
  35  6:07  Overlord  
  35  6:12  Ravager  
  35  6:13  Ravager  
  37  6:21  Drone x2  
  39  6:28  Ravager  
  40  6:35  Drone x2  
  40  6:37  Drone  
  39  7:03  Drone x4  
  39  7:04  Drone x3  
  46  7:08  Drone  
  46  7:11  Drone x2  
  46  7:14  Drone  
  50  7:21  Lair  
  50  7:25  Drone  
  50  7:27  Drone  
  52  7:37  Overlord  
  52  7:49  Drone x6  
  58  7:52  Extractor  
  58  7:54  Extractor  
  55  8:11  Spore Crawler  
  54  8:14  Hatchery  
  52  8:20  Spore Crawler  
  51  8:28  Spore Crawler x2  
  51  8:29  Queen  
  51  8:30  Drone  
  51  8:31  Drone x2  
  51  8:33  Drone x3  
  57  8:52  Spire  
  56  8:58  Drone x2  
  58  9:03  Drone x5  
  58  9:08  Glial Reconstitution  
  63  9:18  Overlord  
  63  9:27  Drone x7  
  70  9:43  Overlord  
  70  9:47  Queen  
  70  9:48  Drone  
  70  9:51  Overlord  
  73  9:56  Extractor  
  73  9:59  Extractor  
  71  10:06  Corruptor x5  
  71  10:07  Corruptor x3  
  87  10:14  Drone  
  87  10:21  Drone  
  89  10:23  Drone x3  
  89  10:25  Drone  
  89  10:27  Drone x3  
  96  10:31  Spore Crawler  
  96  10:32  Spore Crawler  
  94  10:38  Spore Crawler  
  94  10:42  Overlord  
  93  10:49  Infestation Pit  
  92  10:53  Evolution Chamber  
  91  10:57  Evolution Chamber, Corruptor x3  
  91  10:59  Drone  
  97  11:08  Drone x2  
  97  11:09  Drone  
  100  11:17  Mutalisk x2  
  104  11:21  Overlord x2  
  104  11:43  Overseer  
  104  11:49  Corruptor x3  
  110  11:56  Corruptor  
Show
View Real Time Build Order
Export as new Build Order

qqq Protoss - Winner!

Build Orders: Carriers 

Get SALT Encoding   

  12  0:04  Probe  
  13  0:15  Pylon  
  13  0:18  Probe  
  14  0:31  Probe  
  15  0:36  Forge  
  15  0:43  Probe  
  16  0:55  Probe  
  17  1:04  Pylon  
  17  1:29  Photon Cannon  
  17  1:32  Pylon  
  17  1:43  Pylon  
  17  2:11  Photon Cannon  
  17  2:31  Pylon  
  17  2:35  Photon Cannon  
  17  2:58  Probe (Chrono Boost)  
  17  3:02  Assimilator  
  17  3:04  Assimilator  
  17  3:05  Nexus  
  18  3:10  Probe (Chrono Boost)  
  18  3:11  Photon Cannon  
  19  3:13  Photon Cannon  
  19  3:15  Probe (Chrono Boost)  
  20  3:25  Probe  
  21  3:40  Pylon  
  21  3:42  Probe  
  22  3:51  Gateway  
  22  3:54  Probe  
  23  3:59  Photon Cannon  
  23  4:01  Photon Cannon  
  23  4:04  Pylon  
  23  4:06  Probe (Chrono Boost)  
  25  4:18  Probe (Chrono Boost)  
  25  4:23  Probe (Chrono Boost)  
  26  4:33  Probe (Chrono Boost)  
  27  4:43  Probe (Chrono Boost)  
  27  4:45  Probe (Chrono Boost)  
  27  4:49  Cybernetics Core  
  28  4:53  Probe x2 (Chrono Boost)  
  28  4:57  Probe (Chrono Boost)  
  28  4:59  Probe  
  31  5:09  Probe  
  31  5:11  Probe  
  33  5:21  Probe  
  33  5:23  Probe  
  33  5:24  Assimilator  
  33  5:28  Assimilator  
  35  5:29  Stargate  
  35  5:31  Pylon, Stargate  
  35  5:33  Probe (Chrono Boost)  
  37  5:40  Probe (Chrono Boost)  
  38  5:44  Probe (Chrono Boost)  
  38  5:47  Stargate  
  38  5:49  Probe x2 (Chrono Boost)  
  39  5:55  Pylon, Protoss Air Weapons Level 1  
  40  5:59  Probe  
  40  6:00  Probe  
  42  6:11  Probe  
  42  6:12  Probe  
  42  6:16  Pylon  
  44  6:19  Phoenix  
  44  6:23  Probe  
  44  6:24  Fleet Beacon  
  44  6:25  Phoenix  
  49  6:44  Phoenix  
  49  6:45  Phoenix  
  53  6:59  Shield Battery  
  53  7:04  Phoenix  
  61  7:15  Carrier  
  61  7:45  Carrier  
  61  7:49  Nexus  
  61  7:50  Pylon  
  67  7:51  Pylon  
  67  7:53  Pylon  
  66  8:11  Carrier  
  72  8:19  Tempest  
  77  8:43  Photon Cannon  
  77  8:44  Photon Cannon  
  76  9:04  Carrier  
  76  9:05  Carrier  
  88  9:12  Shield Battery  
  88  9:15  Probe (Chrono Boost), Shield Battery  
  89  9:19  Photon Cannon  
  89  9:22  Assimilator  
  89  9:23  Assimilator  
  90  9:25  Probe (Chrono Boost)  
  90  9:26  Carrier  
  90  9:30  Probe (Chrono Boost)  
  92  9:41  Probe  
  90  9:52  Probe  
  91  9:54  Probe  
  92  10:04  Probe  
  92  10:06  Probe  
  94  10:09  Carrier  
  100  10:16  Probe  
  100  10:18  Probe  
  100  10:21  Protoss Air Armor Level 1 (Chrono Boost)  
  102  10:28  Probe  
  102  10:30  Probe  
  104  10:38  Nexus  
  104  10:40  Probe  
  104  10:42  Probe, Pylon  
  106  10:44  Pylon  
  106  10:46  Pylon  
  106  10:48  Pylon  
  106  10:54  Probe, Carrier  
  113  11:00  Tempest  
  118  11:10  Robotics Facility  
  118  11:13  Phoenix, Pylon  
  118  11:15  Photon Cannon  
  129  11:41  Probe (Chrono Boost)  
  129  11:51  Photon Cannon  
  129  11:53  Probe (Chrono Boost), Photon Cannon  
  130  11:54  Probe (Chrono Boost)  
  130  11:56  Photon Cannon  
  131  12:05  Probe (Chrono Boost)  
  131  12:06  Probe (Chrono Boost)  
  133  12:14  Probe  
Show
View Real Time Build Order
Export as new Build Order

Massa Terran - Winner!

Build Orders: 2 Factory 

Get SALT Encoding   

  12  0:00  SCV  
  13  0:12  SCV  
  14  0:23  Supply Depot  
  14  0:24  SCV  
  15  0:29  Refinery  
  15  0:45  SCV  
  15  0:46  Barracks  
  16  0:57  SCV  
  17  1:11  SCV  
  18  1:23  SCV  
  19  1:35  SCV  
  21  1:45  Factory  
  20  1:50  Reaper  
  20  1:51  Orbital Command  
  21  2:03  Command Center  
  21  2:18  SCV  
  22  2:36  Marine  
  23  2:50  Supply Depot  
  23  2:52  Supply Depot x2  
  23  3:04  Factory  
  23  3:05  Barracks Reactor  
  23  3:11  Supply Depot  
  23  3:12  SCV, Hellion  
  26  3:19  Orbital Command  
  26  3:24  SCV  
  27  3:34  Hellion  
  29  3:42  Marine x2  
  31  3:48  Starport, SCV x2  
  31  3:50  Hellion  
  31  3:55  Hellion  
  37  4:05  SCV x2  
  37  4:07  Marine  
  40  4:11  Hellion  
  40  4:12  Marine  
  42  4:17  SCV  
  42  4:21  SCV  
  44  4:29  Widow Mine, SCV  
  44  4:30  Marine  
  44  4:31  Marine  
  49  4:33  Factory Tech Lab, SCV  
  49  4:36  Medivac  
  52  4:41  SCV  
  52  4:45  SCV  
  54  4:50  Widow Mine  
  54  4:52  Engineering Bay  
  56  4:53  Refinery  
  56  4:54  SCV  
  47  5:33  Siege Tank  
  47  5:34  Marine x2  
  52  5:39  SCV x2, Barracks  
  54  5:47  Refinery  
  54  5:49  Refinery  
  54  5:50  Supply Depot  
  54  5:51  SCV x2  
  54  5:52  Marine x2, Medivac  
  54  5:53  Supply Depot  
  60  5:59  Missile Turret  
  60  6:03  SCV x2  
  62  6:04  Missile Turret  
  62  6:14  Supply Depot  
  62  6:15  SCV, Siege Tank  
  62  6:17  Supply Depot  
  66  6:21  Missile Turret  
  66  6:26  Missile Turret  
  66  6:27  Barracks  
  66  6:28  Barracks Tech Lab  
  66  6:34  Barracks  
  66  6:37  Supply Depot  
  66  6:46  Command Center  
  66  6:50  Command Center  
  66  7:06  Marine x2  
  66  7:08  Stimpack  
  68  7:09  Marauder  
  68  7:10  Siege Tank  
  73  7:18  Factory Tech Lab, Liberator  
  73  7:21  Barracks Tech Lab  
  76  7:23  Marine  
  76  7:28  Supply Depot  
  77  7:30  Marauder  
  77  7:33  Barracks Tech Lab  
  77  7:35  Terran Infantry Weapons Level 1  
  77  7:36  Engineering Bay  
  79  7:52  Supply Depot  
  79  7:54  Combat Shield  
  79  7:59  Concussive Shells  
  79  8:02  Starport Reactor  
  79  8:17  Supply Depot  
  79  8:18  Marauder  
  79  8:19  Marauder, Marine x2  
  84  8:22  Siege Tank  
  88  8:29  Orbital Command  
  88  8:36  SCV x2, Marine  
  88  8:37  Marine  
  88  8:40  Marauder x2  
  96  8:42  Supply Depot  
  97  8:48  SCV x2  
  97  8:53  Missile Turret  
  97  8:54  Cyclone, Marine  
  102  9:00  Terran Infantry Armor Level 1, SCV x2  
  102  9:01  Marauder x2  
  108  9:05  Armory  
  108  9:12  SCV  
  108  9:15  Orbital Command, Missile Turret  
  108  9:16  SCV  
  111  9:17  SCV  
  111  9:23  Marauder  
  113  9:24  SCV  
  113  9:28  SCV  
  113  9:29  Marine x2  
  113  9:30  Marauder  
  119  9:44  Marauder  
  121  9:46  SCV x2  
  121  9:47  SCV x2  
  121  9:51  Refinery  
  121  9:52  Refinery  
  125  9:54  Terran Infantry Weapons Level 2  
  125  9:56  Terran Vehicle Weapons Level 1  
  125  9:58  SCV x2  
  125  9:59  SCV x2  
  129  10:02  Armory  
  129  10:06  Supply Depot  
  129  10:07  Supply Depot  
  129  10:08  Supply Depot  
  129  10:10  Marauder x2, Marine  
  129  10:11  SCV, Marine  
  138  10:14  Marauder  
  138  10:18  Barracks  
  138  10:22  Barracks  
  138  10:27  Siege Tank x2  
  144  10:28  Marine x2, Supply Depot  
  144  10:31  Marauder  
  144  10:32  Marauder  
  144  10:34  Supply Depot x2  
  144  10:35  SCV x3, Marauder  
  155  10:46  Marine  
  155  10:47  SCV x3  
  159  10:50  Missile Turret  
  159  10:51  Marine  
  159  10:53  Marauder x2, Missile Turret x2  
  159  10:56  Supply Depot  
  159  10:57  Marauder  
  166  10:59  Siege Tank x2  
  166  11:04  Marine  
  172  11:07  Orbital Command  
  173  11:13  Missile Turret  
  173  11:14  Marauder x2  
  173  11:18  Marauder  
  179  11:22  Sensor Tower  
  179  11:24  Barracks Tech Lab  
  179  11:25  Barracks Reactor  
  176  11:38  SCV x4  
  180  11:50  SCV x2  
Tags
 
Add a new tag
Caveats
  • Supply blocks, unpowered buildings, or Contaminate may cause inaccurate times.
  • Supply counts are checked every 10 seconds.